 Seeded DCSS version 0.30-a0-778-g2ef04afb54 (webtiles) character file.

Game seed: 5430720872467839093 (custom seed)

291156 OTABOTABOTAB the Spry (level 20, -9/145 HPs)
             Began as an Octopode Summoner on Feb 1, 2023.
             Was an Initiate of Gozag.
             Shot with an arrow by a deep elf master archer (22 damage)
             ... on level 3 of the Elven Halls on Feb 16, 2023.
             The game lasted 02:41:06 (53724 turns).

OTABOTABOTAB the Spry (Octopode Summoner)          Turns: 53724, Time: 02:41:06

Health: -9/145     AC: 15    Str:  9    XL:     20   Next: 76%
Magic:  17/34      EV: 28    Int: 37    God:    Gozag
Gold:   15227      SH:  0    Dex: 12    Spells: 2/39 levels left

rFire   + . .      SeeInvis +      - Unarmed
rCold   + . .      Faith    .    (shield currently unavailable)
rNeg    . . .      Spirit   .    (helmet currently unavailable)
rPois   ∞          Reflect  .    s - amulet of magic regeneration
rElec   +          Harm     .    r - +6 ring of intelligence
rCorr   .          Rampage  .    u - +6 ring of intelligence
Will    +....                    C - ring of protection from cold {rC+, !d}
Stlth   ++                       Z - ring of wizardry {Wiz+, !d}
HPRegen 0.44/turn                F - ring of protection from fire {rF+, !d}
MPRegen 0.64/turn                Q - +4 ring of slaying
                                 h - +4 ring of slaying
                                 V - ring of see invisible {sInv, !d}

@: storm-form, corroded, gold aura, flying
A: cleaving, insubstantial, flying, almost no armour, amphibious, 8 rings,
(camouflage 1), (gelatinous body 1), (nimble swimmer 1), (tentacles), MP-powered
wands
}: 2/15 runes: decaying, serpentine
a: Blinkbolt, End Transformation, Renounce Religion, Potion Petition, Call
Merchant, Bribe Branch


You were on level 3 of the Elven Halls.
You worshipped Gozag.
Gozag was extremely pleased with you.
You were a lightning-filled tempest!
You visited 7 branches of the dungeon, and saw 34 of its levels.
You visited the Abyss 1 time.
You also visited: Gauntlet and Ice Cave.

You collected 18344 gold pieces.
You spent 1194 gold pieces at shops.
You paid 1923 gold pieces to Gozag.

Inventory:

Hand Weapons
 t - the +3 short sword of the Manifold Quests (melded) {flame, rElec Int+5}
   (You found it on level 3 of the Dungeon)

   Int:       It affects your intelligence (+5).
   rElec:     It insulates you from electricity.
Armour
 K - a +0 hat (melded)
   (You found it on level 9 of the Dungeon)
Jewellery
 a - a ring of poison resistance {rPois, !d}
   (You found it on level 12 of the Dungeon)
 c - a ring of positive energy {rN+}
   (You found it on level 4 of the Dungeon)
 h - a +4 ring of slaying (on tentacle)
   (You found it on level 10 of the Dungeon)
 i - a +6 ring of intelligence
   (You found it on level 8 of the Dungeon)
 r - a +6 ring of intelligence (left tentacle)
   (You found it on level 9 of the Dungeon)
 s - an amulet of magic regeneration (around neck)
   (You found it on level 2 of the Lair of Beasts)
 u - a +6 ring of intelligence (right tentacle)
   (You acquired it on level 2 of the Dungeon)
 A - the amulet of Reorph {Regen+ Int+3}
   (You took it off a deep elf annihilator on level 3 of the Elven Halls)

   [amulet of regeneration]

   Int:       It affects your intelligence (+3).
   Regen:     It increases your rate of health regeneration.
 C - a ring of protection from cold (on tentacle) {rC+, !d}
   (You found it on level 2 of the Dungeon)
 F - a ring of protection from fire (on tentacle) {rF+, !d}
   (You found it on level 6 of the Dungeon)
 Q - a +4 ring of slaying (on tentacle)
   (You found it on level 6 of the Dungeon)
 S - a ring of protection from cold {rC+, !d}
   (You took it off a minotaur in a Gauntlet)
 V - a ring of see invisible (on tentacle) {sInv, !d}
   (You found it on level 2 of the Snake Pit)
 W - a ring of willpower
   (You took it off an orc warrior on level 9 of the Dungeon)
 Z - a ring of wizardry (on tentacle) {Wiz+, !d}
   (You found it on level 11 of the Dungeon)
Wands
 d - a wand of digging (9)
   (You found it on level 9 of the Dungeon)
 g - a wand of roots (22)
   (You found it on level 4 of the Dungeon)
 j - a wand of polymorph (16)
   (You found it on level 7 of the Dungeon)
 p - a wand of paralysis (29)
   (You took it off an orc on level 9 of the Dungeon)
 q - a wand of flame (32)
   (You took it off an orc wizard on level 6 of the Dungeon)
 y - a wand of mindburst (44)
   (You found it on level 3 of the Dungeon)
Scrolls
 e - 2 scrolls of torment {!r}
 f - 7 scrolls of amnesia
 k - 4 scrolls of enchant weapon
 m - 8 scrolls of enchant armour
 n - 10 scrolls of identify {@r1}
 o - 4 scrolls of fog
 w - 3 scrolls of brand weapon
 D - 2 scrolls of blinking {!r}
 E - 5 scrolls of fear
 O - a scroll of silence
 X - 6 scrolls of magic mapping {@r4!r}
 Y - 14 scrolls of teleportation {@r3}
Potions
 b - 2 potions of cancellation
 x - 9 potions of attraction {!q}
 B - 8 potions of brilliance
 G - 12 potions of ambrosia {!q}
 H - 4 potions of haste
 I - a potion of invisibility
 J - 13 potions of curing {@q1}
 L - 5 potions of flight
 M - 5 potions of might
 N - 6 potions of heal wounds {@q2}
 P - 8 potions of lignification {!q}
 R - 3 potions of resistance
 T - 4 potions of berserk rage {!q}
 U - 4 potions of mutation {!q}
Miscellaneous
 l - a condenser vane
   (You found it on level 11 of the Dungeon)
 v - a lightning rod (4/4)
   (You found it in a Gauntlet)
 z - a box of beasts
   (You found it on level 1 of the Elven Halls)


   Skills:
 - Level 15.0 Fighting
 + Level 15.9 Dodging
 - Level 2.6 Stealth
 + Level 14.1 Unarmed Combat
 - Level 10.0 Spellcasting
 - Level 5.0 Hexes
 - Level 10.0 Summonings
 + Level 14.1 Translocations
 + Level 14.7 Transmutations
 + Level 14.9 Air Magic


You had 2 spell levels left.
You knew the following spells:

 Your Spells              Type           Power      Damage    Failure   Level
a - Summon Small Mammal   Summ           100%       N/A       1%          1
b - Call Canine Familiar  Summ           75%        N/A       1%          3
c - Call Imp              Summ           75%        N/A       1%          2
d - Summon Guardian Gole  Hex/Summ       65%        N/A       1%          3
e - Summon Lightning Spi  Summ/Air       84%        N/A       1%          4
f - Storm Form            Tmut/Air       45%        N/A       1%          7
g - Manifold Assault      Tloc           89%        N/A       1%          4
h - Summon Mana Viper     Hex/Summ       65%        N/A       1%          5
i - Summon Forest         Summ/Tloc      41%        N/A       1%          5
j - Vhi's Electric Charg  Tloc/Air       100%       N/A       0%          3

Your spell library contained the following spells:

 Spells                   Type           Power      Damage    Failure   Level
 Blink                    Tloc           100%       N/A       0%          2
 Kiss of Death            Conj/Necr      72%        2d10      1%          1
 Magic Dart               Conj           72%        1d6       1%          1
 Sandblast                Erth           36%        2d10      1%          1
 Slow                     Hex            100%       N/A       1%          1
 Sting                    Tmut/Pois      100%       1d8       1%          1
 Cigotuvi's Dreadful Rot  Necr/Pois/Air  100%       N/A       1%          2
 Passwall                 Tmut/Erth      53%        N/A       1%          2
 Poisonous Vapours        Pois/Air       100%       N/A       1%          2
 Static Discharge         Conj/Air       100%       2-7/arc   1%          2
 Gell's Gravitas          Tloc           89%        N/A       0%          3
 Teleport Other           Tloc           89%        N/A       0%          3
 Confusing Touch          Hex            53%        N/A       1%          3
 Dazzling Flash           Conj/Hex       74%        N/A       1%          3
 Inner Flame              Hex/Fire       37%        N/A       1%          3
 Mephitic Cloud           Conj/Pois/Air  53%        N/A       1%          3
 Tukima's Dance           Hex            53%        N/A       1%          3
 Iskenderun's Mystic Bla  Conj/Tloc      63%        2d13      1%          4
 Passage of Golubria      Tloc           89%        N/A       1%          4
 Petrify                  Tmut/Erth      64%        N/A       1%          4
 Summon Ice Beast         Ice/Summ       53%        N/A       1%          4
 Arcjolt                  Conj/Air       32%        1d42      1%          5
 Blade Hands              Tmut           45%        N/A       1%          5
 Irradiate                Conj/Tmut      32%        3d22      1%          5
 Lightning Bolt           Conj/Air       32%        1d50      1%          5
 Yara's Violent Unravell  Hex/Tmut       37%        3d15      1%          5
 Dispersal                Tloc           44%        N/A       1%          6
 Ozocubu's Armour         Ice            18%        N/A       2%          3
 Stone Arrow              Conj/Erth      36%        3d9       2%          3
 Vampiric Draining        Necr           18%        2d7       2%          3
 Summon Cactus Giant      Summ           37%        N/A       2%          6
 Fulminant Prism          Conj/Hex       18%        3d10      3%          4
 Leda's Liquefaction      Hex/Erth       18%        N/A       3%          4
 Conjure Ball Lightning   Conj/Air       32%        3x3d10    6%          6
 Eringya's Noxious Bog    Tmut/Pois      32%        N/A       6%          6
 Statue Form              Tmut/Erth      42%        N/A       6%          6
 Dispel Undead            Necr           18%        3d11      9%          4
 Flame Wave               Conj/Fire      18%        2d7       9%          4
 Olgreb's Toxic Radiance  Pois           18%        N/A       9%          4
 Sticky Flame             Conj/Fire      18%        2d4       9%          4
 Monstrous Menagerie      Summ           37%        N/A       12%         7
 Summon Hydra             Summ           37%        N/A       12%         7
 Fireball                 Conj/Fire      9%         3d6       24%         5
 Iskenderun's Battlesphe  Conj           18%        2d7       24%         5
 Death Channel            Necr           9%         N/A       75%         6
 Iron Shot                Conj/Erth      9%         9d3       75%         6
 Starburst                Conj/Fire      9%         6d5       75%         6
 Necromutation            Tmut/Necr      32%        N/A       93%         8
 Orb of Destruction       Conj           9%         9d6       99%         7
 Ozocubu's Refrigeration  Ice            9%         4d9       99%         7
 Borgnjor's Revivificati  Necr           9%         N/A       100%        8
 Lehudib's Crystal Spear  Conj/Erth      9%         10d4      100%        8
 Death's Door             Necr           9%         N/A       100%        9
 Animate Armour           Summ/Erth      Unusable   N/A       N/A         4

Dungeon Overview and Level Annotations

Branches:
Dungeon (15/15)            Temple (1/1) D:4            Lair (5/5) D:11
  Swamp (4/4) Lair:2        Snake (4/4) Lair:3        Slime (0/5) Lair:4
    Orc (2/2) D:11            Elf (3/3) Orc:2        Vaults (0/5) D:13
 Depths (0/4) D:15          IceCv (visited)         Gauntlet (visited)

Altars:
Ashenzari
Cheibriados
Dithmenos
Elyvilon
Fedhas
Gozag
Hepliaklqana
Kikubaaqudgha
Makhleb
Nemelex Xobeh
Okawaru
Qazlal
Ru
Sif Muna
Trog
Uskayaw
Vehumet
Wu Jian
Xom
Yredelemnul
Zin
The Shining One
Jiyva

Shops:
D:2 ?   D:9 *   D:11 :   D:13 (   Orc:1 :   Orc:2 ([[(   Elf:1 [   Elf:2 :
Elf:3 *   Lair:3 :=   Snake:2 [   Snake:3 !(

Annotations:
D:10 1 exclusion
Swamp:3 1 runed translucent door


Innate Abilities, Weirdness & Mutations

You are a lightning-filled tempest!
Your electrical attacks strike out in all directions at once.
You are incredibly evasive.
Your insubstantial body is immune to petrification, constriction, and being set on fire You are flying.
You are immune to poison.
Your armour is entirely melded.
You are incapable of wielding weapons or throwing items.
You cannot wear most types of armour.
You are amphibious.
You can wear up to eight rings at the same time.
((Your skin changes colour to match your surroundings (Stealth+).))
((Your rubbery body absorbs attacks. (AC +1, EV +1)))
((You are camouflaged when in or above water. (Stealth+)))
((You have tentacles for arms and can constrict up to eight enemies at once.))
You expend magic power (3 MP) to strengthen your wands.


Message History

Your transformation is almost over.
You now have 15131 gold pieces (gained 12).
Things that are here:
a +0 rapier; a +0 rapier; an amulet of faith You now have 15135 gold pieces (gained 4).
Things that are here:
a +0 scale mail; a +0 dagger
Items here: ))) = [[.
You now have 15157 gold pieces (gained 22).
G - 12 potions of ambrosia {!q} (gained 1)
E - 5 scrolls of fear (gained 1)
Things that are here:
the +0 falchion of Defiance {flame, rF+}; a +0 ring mail You extend your transformation's duration.
You now have 28/34 mp.
Things that are here:
a +0 rapier; a +0 rapier; an amulet of faith You now have 15165 gold pieces (gained 8).
Things that are here:
a +0 ring mail; a +0 dagger You now have 15180 gold pieces (gained 15).
Items here: )) [[.
MP restored: 34 You now have 15185 gold pieces (gained 5).
Things that are here:
a +0 leather armour; a +0 longbow You now have 15193 gold pieces (gained 8).
You see here a +0 long sword.
Things that are here:
a +0 leather armour; a +0 longbow You now have 15201 gold pieces (gained 8).
You see here a +0 long sword.
You now have 15205 gold pieces (gained 4).
Things that are here:
a +0 scale mail; a +2 dagger of speed You now have 15221 gold pieces (gained 16).
You now have 15227 gold pieces (gained 6).
Things that are here:
a +0 rapier; a +0 scale mail A deep elf master archer comes into view.
The deep elf master archer shouts!
The deep elf master archer wields a +0 longbow.
The deep elf master archer shoots an arrow.
The arrow hits you!
Items here: ! $ ) = ?.
You take 7 damage, and have 138/145 hp.
An electric hum fills the air.
A deep elf sorcerer comes into view.
It is wielding a +0 long sword and wearing a +1 scale mail of cold resistance.
You now have 31/34 mp.
The deep elf master archer shoots an arrow.
The arrow hits you!!
A deep elf sorcerer comes into view. It is wielding a +3 mace of protection.
Your lightning spire shoots out a bolt of lightning at the deep elf master archer!
The bolt of electricity hits the deep elf master archer!
The deep elf master archer shoots an arrow.
The arrow hits you!
You take 29 damage, and have 110/145 hp.
Space momentarily warps into an impossible shape!
You buffet the deep elf sorcerer! x2
The deep elf master archer shoots an arrow.
The arrow hits you!
The deep elf sorcerer mumbles some strange words.
The deep elf sorcerer seems to speed up.
You take 7 damage, and have 103/145 hp.
You now have 28/34 mp.
Space momentarily warps into an impossible shape!
You buffet the deep elf sorcerer!
Lightning courses through the deep elf sorcerer!!
You batter the deep elf sorcerer!!
Lightning courses through the deep elf sorcerer!
The deep elf master archer shoots an arrow.
The arrow hits you!!
The deep elf sorcerer drinks a potion.
The deep elf sorcerer is healed!
The deep elf master archer shoots an arrow.
The arrow hits you.
You take 25 damage, and have 78/145 hp.
You now have 24/34 mp.
Space momentarily warps into an impossible shape!
You completely miss the deep elf sorcerer.
The deep elf sorcerer casts a spell at you.
The sphere of damnation explodes!
The damnation engulfs you!
The damnation engulfs your lightning spire!!
The deep elf master archer shoots an arrow.
The arrow completely misses you.
You take 13 damage, and have 65/145 hp.
You now have 21/34 mp.
Space momentarily warps into an impossible shape!
You completely miss the deep elf sorcerer.
You blast the deep elf sorcerer!!!
Lightning courses through the deep elf sorcerer!
You kill the deep elf sorcerer!
The deep elf master archer shoots an arrow.
The arrow hits you!!
* * * LOW HITPOINT WARNING * * *
The deep elf sorcerer casts a spell at you.
The bolt of acid hits you!!
* * * LOW HITPOINT WARNING * * *
The acid corrodes you!
The deep elf master archer shoots an arrow.
The arrow hits you!!
You die...
Your body crumbles into a pile of gold.

#......).[#########
#...))...['))..)...
#..[......#########
##.))...)##
##)[).).## #.[)#####
#))## #.[# *** #8v#
*** **,**#?.#**,**
**,,,*#..#*,,,**
**,,,,,#..#,,,,,**
**,,,*,,...e,,*,,,**
*,,,***......***,,,*
**,,,*,..$....*,,,**
**,,,..e......,,**
**,,..........**


You could see a deep elf master archer, a deep elf sorcerer (fast, ally target)
and a friendly lightning spire (summoned).

Vanquished Creatures
  the Lernaean hydra (Swamp:4)
  Zenata (Elf:2)
  2 deep elf blademasters
  A deep elf master archer (Elf:3)
  A quicksilver dragon (Snake:4)
  2 thorn hunters
  Kirke (Snake:3)
  Agnes (Snake:2)
  Roxanne (Swamp:3)
  A nagaraja (Snake:1)
  6 deep elf sorcerers
  Aizul (Snake:2)
  5 deep elf elementalists
  A very ugly thing (IceCv)
  3 deep elf demonologists (Elf:3)
  Nessos (D:13)
  2 eleionomae
  A minotaur (Gauntlet)
  4 bunyips
  7 deep elf annihilators
  Snorg (D:13)
  4 deep elf death magi (Elf:3)
  A deep elf high priest (Elf:3)
  2 salamander tyrants (Snake:4)
  A rakshasa (Abyss:3)
  2 shambling mangroves (Swamp:2)
  A vault guard (D:13)
  A ghost crab (Swamp:1)
  15 hydras
  5 anacondas
  2 centaur warriors
  A tengu warrior (D:13)
  32 dancing weapons
  9 naga warriors
  11 alligators
  A two-headed ogre (D:12)
  3 death yaks (Lair:1)
  A spriggan berserker (Swamp:3)
  6 thrashing horrors (Abyss:3)
  7 naga sharpshooters
  A soul eater (Gauntlet)
  13 deep elf knights
  4 shock serpents
  4 salamander mystics
  A wretched star (Abyss:3)
  A death drake (Swamp:2)
  A goliath frog (Swamp:4)
  2 large abominations (Abyss:3)
  11 swamp dragons
  5 deep elf archers
  3 spriggan druids
  A bog body (Swamp:1)
  4 naga ritualists
  2 necromancers
  A lindwurm (shapeshifter) (D:15)
  25 deep elf pyromancers
  3 mana vipers
  24 salamanders
  A phantasmal warrior (D:15)
  An orc sorcerer (Orc:2)
  3 cyclopes
  5 will-o-the-wisps
  28 deep elf zephyrmancers
  2 manticores
  18 ugly things
  A worldbinder (Abyss:3)
  A guardian serpent (shapeshifter) (D:14)
  25 black mambas
  A torpor snail (Lair:5)
  4 guardian serpents (Snake:4)
  11 naga magi
  An orange demon (Abyss:3)
  An unseen horror (D:13)
  2 kobold demonologists (D:14)
  An efreet (D:15)
  2 freezing wraiths (D:15)
  A tengu conjurer (D:14)
  A bloated husk (Swamp:2)
  A troll (D:12)
  6 tyrant leeches
  A dream sheep (Lair:5)
  7 raiju (Abyss:3)
  8 hornets
  4 blink frogs
  7 slime creatures
  A jumping spider (shapeshifter) (Elf:1)
  A ynoxinul (Abyss:3)
  4 air elementals
  A wraith (D:15)
  8 spriggans
  A dire elephant simulacrum (IceCv)
  2 yaks (Lair:5)
  2 basilisks
  4 water elementals
  5 humans (D:13)
  A human (shapeshifter) (D:15)
  5 hogs (Snake:3)
  2 neqoxecs (Abyss:3)
  4 vampire mosquitoes (D:13)
  3 harpy simulacra (IceCv)
  24 nagas
  9 swamp worms
  2 wargs (Orc:1)
  4 hell hounds
  A floating eye (shapeshifter) (D:15)
  2 swamp drakes (Swamp:4)
  5 wolves
  2 alligator simulacra (IceCv)
  10 centaurs
  An ogre (Orc:1)
  2 small abominations (Abyss:3)
  2 bullfrogs
  2 earth elementals
  A scorpion (D:5)
  A wight (D:9)
  2 killer bees (Lair:2)
  A howler monkey (D:9)
  10 electric eels
  A crimson imp (D:7)
  A lava snake (Snake:4)
  2 orc priests
  3 orc wizards
  A hell rat (Lair:5)
  2 shadow imps (Gauntlet)
  A worm (D:4)
  10 orcs
  A ball python (D:3)
  A jackal (D:1)
  A frilled lizard (D:2)
  3 kobolds
551 creatures vanquished.

Vanquished Creatures (collateral kills)
  Jorgrun (Swamp:3)
  A quicksilver dragon (Snake:4)
  Gastronok (Lair:2)
  2 deep elf sorcerers (Elf:3)
  The ghost of Rumaargh the Prestidigitator, a journeyman NaFE of Cheibriados (Orc:1)
  Louise (Swamp:3)
  2 deep elf elementalists (Elf:3)
  A stone giant (D:15)
  A very ugly thing (Elf:1)
  A bunyip (Swamp:4)
  A deep elf annihilator (Elf:3)
  A dire elephant (Lair:5)
  A deep elf death mage (Elf:3)
  A fire dragon (Lair:5)
  3 vault guards (D:13)
  A deep elf high priest (Elf:3)
  2 hydras
  5 anacondas
  6 two-headed ogres
  4 dancing weapons (Elf:2)
  A spriggan air mage (Swamp:3)
  6 naga warriors
  A death knight (D:15)
  4 boulder beetles
  4 death yaks
  9 naga sharpshooters
  2 orc high priests
  A shock serpent (Snake:1)
  2 salamander mystics
  2 goliath frogs (Swamp:4)
  3 naga ritualists
  5 swamp dragons
  A bog body (Swamp:2)
  A deep elf archer (Elf:2)
  10 deep elf pyromancers
  An orc knight (Orc:1)
  2 mana vipers
  4 ugly things
  An oklob plant (Lair:4)
  6 orc sorcerers
  14 salamanders
  4 manticores
  A guardian serpent (Snake:4)
  5 elephants
  2 cyclopes (Orc:2)
  Joseph (D:8)
  10 naga magi
  A torpor snail (Lair:5)
  16 black mambas
  A gargoyle (D:11)
  5 cane toads
  A hellion (Gauntlet)
  4 rime drakes (Lair:5)
  Psyche (D:8)
  7 komodo dragons
  A queen bee (Lair:2)
  A golden dragon simulacrum (IceCv)
  6 tyrant leeches
  3 trolls
  2 polar bears
  9 hornets
  7 blink frogs (Lair:1)
  8 dream sheep (Lair:5)
  3 slime creatures (D:12)
  4 spriggans
  A dire elephant simulacrum (IceCv)
  A water elemental (Elf:1)
  2 wraiths
  2 shadows
  51 yaks
  8 wyverns
  2 humans (D:13)
  The ghost of SpyderV the Trooper, an amateur DsFi (D:4)
  3 steam dragons
  A hog (Snake:3)
  5 basilisks
  A warg (Orc:1)
  23 nagas
  3 acid dragons
  2 swamp worms
  10 water moccasins
  Duvessa (D:5)
  26 orc warriors
  2 ice beasts
  A swamp drake (Swamp:4)
  A black bear (Lair:1)
  A sky beast (D:7)
  7 ogres
  17 wolves
  7 centaurs
  3 kobold brigands
  Blork the orc (D:4)
  An earth elemental (Elf:2)
  8 bullfrogs
  6 gnoll sergeants
  2 scorpions
  4 necrophages
  Dowan (D:5)
  4 wights
  20 killer bees (Lair:2)
  4 howler monkeys
  A gnoll bouda (D:6)
  3 hounds (D:6)
  21 orc priests
  7 iguanas
  35 orc wizards
  33 gnolls
  12 adders
  A shadow imp (D:6)
  6 white imps
  An ufetubus (D:5)
  2 worms (D:4)
  A dart slug (D:4)
  78 orcs
  3 bats
  8 endoplasms
  3 giant cockroaches
  4 goblins
  7 hobgoblins
  6 jackals
  12 kobolds
  5 quokkas
  7 ball pythons
  A frilled lizard (D:3)
  3 rats
713 creatures vanquished.

Vanquished Creatures (others)
  A hydra (Lair:2)
  A catoblepas (Lair:5)
  A two-headed ogre (D:10)
  A death yak (Lair:5)
  Urug (Lair:2)
  A lindwurm (Lair:5)
  An orc knight (Orc:1)
  A deep elf pyromancer (Elf:2)
  A wizard (D:8)
  A cyclops (D:9)
  A rime drake (Lair:5)
  A komodo dragon (Lair:3)
  A bloated husk (Swamp:2)
  15 yaks
  A human (D:13)
  4 orc warriors
  An ogre (Orc:1)
  2 killer bees (Lair:2)
  An orc priest (Orc:1)
  A hound (D:5)
  A jelly (D:6)
  An iguana (Lair:5)
  3 gnolls (D:9)
  2 orcs
  A bush (Lair:2)
  2 foxfires (Swamp:4)
  35 fungi
  62 plants
  30 withered plants
175 creatures vanquished.

Grand Total: 1439 creatures vanquished

Notes
Turn   | Place    | Note
-------+----------+-------------------------------------------
     0 | D:1      | OTABOTABOTAB the Octopode Summoner began the quest for the
                  | Orb.
     0 | D:1      | Reached XP level 1. HP: 11/11 MP: 3/3
   286 | D:1      | Reached XP level 2. HP: 13/17 MP: 0/5
   289 | D:1      | Learned a level 2 spell: Call Imp
  1179 | D:1      | Reached XP level 3. HP: 21/21 MP: 1/6
  1183 | D:1      | Learned a level 3 spell: Call Canine Familiar
  1568 | D:2      | Found Doddoiw's Magic Scroll Shoppe.
  1664 | D:2      | Noticed a necrophage
  1677 | D:2      | Killed a necrophage
  1678 | D:2      | Reached skill level 3 in Spellcasting
  1678 | D:2      | Reached skill level 5 in Summonings
  1678 | D:2      | Reached XP level 4. HP: 27/27 MP: 1/8
  1682 | D:2      | Learned a level 3 spell: Summon Guardian Golem
  2017 | D:2      | Reached XP level 5. HP: 32/32 MP: 0/10
  2563 | D:2      | Identified 4 scrolls of acquirement
  2563 | D:2      | Acquired 1147 gold pieces
  2564 | D:2      | Acquired 1099 gold pieces
  2565 | D:2      | Acquired a +6 ring of intelligence
  2566 | D:2      | Acquired 570 gold pieces
  2620 | D:3      | HP: 7/32 [orc priest/divine providence (15)]
  2621 | D:3      | Reached skill level 1 in Fighting
  2621 | D:3      | Reached skill level 1 in Hexes
  2775 | D:3      | Identified the +3 short sword of the Manifold Quests
                  | {flame, rElec Int+5}
  2992 | D:3      | Reached XP level 6. HP: 38/38 MP: 2/11
  3189 | D:3      | Found an iron altar of Okawaru.
  3201 | D:3      | Identified the +2 robe of Binutifa {rPois Dex+5}
  3463 | D:3      | Found a faded altar of an unknown god.
  4085 | D:4      | Reached skill level 2 in Fighting
  4085 | D:4      | Reached skill level 3 in Dodging
  4258 | D:4      | Noticed Blork the orc
  4265 | D:4      | Killed Blork the orc
  4266 | D:4      | Reached skill level 4 in Spellcasting
  4266 | D:4      | Reached skill level 2 in Hexes
  4266 | D:4      | Reached XP level 7. HP: 45/45 MP: 4/13
  4822 | D:4      | Found a runed translucent door.
  4823 | D:4      | Noticed SpyderV's ghost (amateur DsFi)
  4832 | D:4      | Found a staircase to the Ecumenical Temple.
  4838 | Temple   | Entered the Ecumenical Temple
  5403 | D:4      | Learned a level 4 spell: Summon Lightning Spire
  5422 | D:4      | Reached skill level 3 in Fighting
  5440 | D:4      | Killed SpyderV's ghost
  5441 | D:4      | Reached skill level 6 in Summonings
  5704 | D:5      | Entered Level 5 of the Dungeon
  5709 | D:5      | Noticed a two-headed ogre
  5721 | D:5      | Reached skill level 3 in Hexes
  5940 | D:5      | Reached XP level 8. HP: 53/54 MP: 2/14
  6027 | D:5      | Reached skill level 4 in Fighting
  6027 | D:5      | Reached skill level 4 in Dodging
  6103 | D:5      | Killed a two-headed ogre
  6104 | D:5      | Reached skill level 5 in Fighting
  6104 | D:5      | Reached skill level 5 in Spellcasting
  6104 | D:5      | Reached skill level 4 in Hexes
  6567 | D:5      | Noticed Duvessa
  6569 | D:5      | Noticed Dowan
  6579 | D:5      | Killed Duvessa
  6580 | D:5      | Reached skill level 5 in Dodging
  6580 | D:5      | Reached XP level 9. HP: 53/62 MP: 6/17
  6591 | D:5      | Killed Dowan
  6761 | D:5      | Reached skill level 6 in Fighting
  6854 | D:5      | You fall into a shaft and drop 1 floor!
  7068 | D:6      | Reached skill level 7 in Summonings
  7418 | D:6      | Noticed a two-headed ogre
  7421 | D:6      | HP: 15/62 [two-headed ogre/+0 giant spiked club (31)]
  7424 | D:6      | Killed a two-headed ogre
  7425 | D:6      | Reached skill level 7 in Fighting
  7425 | D:6      | Reached skill level 5 in Hexes
  7660 | D:6      | Found a broken altar of Ashenzari.
  7703 | D:6      | Reached skill level 6 in Spellcasting
  7787 | D:6      | Found a white marble altar of Elyvilon.
  7787 | D:6      | Found an ancient bone altar of Kikubaaqudgha.
  7792 | D:6      | Found a blossoming altar of Fedhas.
  7792 | D:6      | Found a burning altar of Makhleb.
  7796 | D:6      | Reached skill level 6 in Dodging
  7882 | D:6      | Reached skill level 1 in Air Magic
  8087 | D:6      | Found an opulent altar of Gozag.
  8111 | D:6      | Became a worshipper of Gozag Ym Sagoz the Greedy
  8389 | D:6      | Reached XP level 10. HP: 66/72 MP: 11/19
  8711 | D:6      | Reached skill level 2 in Air Magic
  8868 | D:7      | Reached skill level 8 in Fighting
  9372 | D:7      | Reached skill level 8 in Summonings
 10128 | D:8      | Learned a level 7 spell: Storm Form
 10194 | D:8      | Noticed Joseph
 10216 | D:8      | Killed Joseph
 10217 | D:8      | Reached skill level 3 in Air Magic
 10307 | D:8      | Found a bloodstained altar of Trog.
 10404 | D:8      | Noticed a wizard
 10407 | D:8      | Killed a wizard
 10481 | D:8      | Noticed Psyche
 10482 | D:8      | Reached skill level 1 in Transmutations
 10485 | D:8      | Reached skill level 7 in Dodging
 10495 | D:8      | Reached skill level 9 in Fighting
 10514 | D:8      | Killed Psyche
 10515 | D:8      | Reached skill level 7 in Spellcasting
 10515 | D:8      | Reached skill level 2 in Transmutations
 10948 | D:8      | Reached skill level 4 in Air Magic
 11134 | D:8      | Reached XP level 11. HP: 57/80 MP: 10/21
 11715 | D:9      | Reached skill level 3 in Transmutations
 11906 | D:9      | Paralysed by an orc for 5 turns
 12121 | D:9      | Found Ysacrel's Fire Supplies.
 12592 | D:9      | Reached skill level 10 in Fighting
 12663 | D:9      | Reached skill level 9 in Summonings
 12844 | D:9      | Noticed a manticore
 12849 | D:9      | Killed a manticore
 12860 | D:9      | Noticed a cyclops
 12869 | D:9      | Killed a cyclops
 12870 | D:9      | Reached skill level 5 in Air Magic
 12997 | D:9      | Found a stormy altar of Qazlal.
 13457 | D:10     | Entered Level 10 of the Dungeon
 13471 | D:10     | Learned a level 4 spell: Manifold Assault
 13755 | D:10     | Noticed a two-headed ogre
 13766 | D:10     | Killed a two-headed ogre
 13767 | D:10     | Reached skill level 8 in Dodging
 13767 | D:10     | Reached skill level 4 in Transmutations
 13768 | D:10     | Reached skill level 1 in Unarmed Combat
 13768 | D:10     | Reached skill level 1 in Translocations
 14044 | D:10     | Noticed a two-headed ogre
 14067 | D:10     | Killed a two-headed ogre
 14223 | D:10     | Reached skill level 2 in Unarmed Combat
 14228 | D:10     | Reached skill level 8 in Spellcasting
 14228 | D:10     | Reached skill level 2 in Translocations
 14228 | D:10     | Reached XP level 12. HP: 89/89 MP: 10/24
 14229 | D:10     | Reached skill level 11 in Fighting
 15504 | D:11     | Found a staircase to the Lair.
 15521 | D:11     | Reached skill level 3 in Unarmed Combat
 15523 | D:11     | Reached skill level 5 in Transmutations
 15523 | D:11     | Reached skill level 6 in Air Magic
 15547 | D:11     | Reached skill level 3 in Translocations
 15775 | D:11     | Found a staircase to the Orcish Mines.
 16280 | Orc:1    | Entered Level 1 of the Orcish Mines
 16304 | Orc:1    | Found Alunaheu's Vocational Training.
 16341 | Orc:1    | Noticed a two-headed ogre
 16348 | Orc:1    | Killed a two-headed ogre
 16506 | Orc:1    | Found a runed translucent door.
 16506 | Orc:1    | Noticed Rumaargh's ghost (journeyman NaFE)
 17637 | Orc:1    | Killed Rumaargh's ghost
 17638 | Orc:1    | Reached skill level 10 in Summonings
 17764 | Orc:2    | Entered Level 2 of the Orcish Mines
 18039 | Orc:2    | Noticed a two-headed ogre
 18049 | Orc:1    | Reached skill level 9 in Dodging
 18201 | Orc:1    | Reached skill level 4 in Unarmed Combat
 18718 | Orc:2    | HP: 19/91 [two-headed ogre/+0 giant spiked club (17)]
 18718 | Orc:2    | HP: 4/91 [orc warrior/+0 dire flail (15)]
 19001 | Orc:2    | Reached skill level 4 in Translocations
 19013 | Orc:1    | Reached skill level 12 in Fighting
 19029 | Orc:1    | Reached XP level 13. HP: 56/97 MP: 0/25
 19887 | Orc:2    | Reached skill level 6 in Transmutations
 19888 | Orc:2    | HP: 17/97 [orc priest/divine providence (11)]
 19888 | Orc:2    | HP: 8/97 [warg[an orc high priest] (9)]
 20770 | Orc:2    | Reached skill level 7 in Air Magic
 20775 | Orc:1    | HP: 14/97 [orc warrior/+0 flail (15)]
 21105 | Orc:2    | Found a staircase to the Elven Halls.
 21353 | Orc:2    | Reached skill level 9 in Spellcasting
 21647 | Orc:1    | HP: 23/98 [poisoned by an orange demon]
 21652 | Orc:1    | HP: 18/98 [poisoned by an orange demon]
 22556 | Orc:2    | Found Ugedoq's Antique Armour Emporium.
 22556 | Orc:2    | Found Jesesin's Antique Weapon Emporium.
 22557 | Orc:2    | Found Hez Yth's Armour Shoppe.
 22561 | Orc:2    | Found Citomn's Antique Weapon Shoppe.
 22787 | Lair:1   | Entered Level 1 of the Lair of Beasts
 22799 | Lair:1   | Reached skill level 5 in Unarmed Combat
 22812 | Lair:1   | Reached skill level 5 in Translocations
 22880 | Lair:1   | HP: 23/98 [poisoned by a water moccasin]
 22885 | Lair:1   | HP: 19/98 [poisoned by a water moccasin]
 23234 | Lair:1   | Learned a level 5 spell: Summon Mana Viper
 23317 | Lair:1   | Reached skill level 7 in Transmutations
 24506 | Lair:2   | Reached XP level 14. HP: 104/104 MP: 5/27
 24874 | Lair:2   | Noticed Gastronok
 24919 | Lair:2   | Killed Gastronok
 24920 | Lair:2   | Reached skill level 10 in Dodging
 24920 | Lair:2   | Reached skill level 6 in Unarmed Combat
 24920 | Lair:2   | Reached skill level 8 in Air Magic
 25109 | Lair:2   | Reached skill level 6 in Translocations
 25476 | Lair:2   | HP: 22/104 [basilisk (8)]
 25715 | Lair:2   | Noticed Urug
 25730 | Lair:2   | Killed Urug
 26068 | Lair:2   | Reached skill level 13 in Fighting
 26203 | Lair:2   | Found a staircase to the Swamp.
 27006 | Lair:3   | Found a staircase to the Snake Pit.
 27669 | Lair:4   | Identified the +2 great mace of Hentaneffi {freeze, rElec
                  | rN+ Str-5}
 27812 | Lair:4   | Got the Annotations on the Switch
 27862 | Lair:4   | Found a staircase to the Slime Pits.
 27864 | Lair:4   | Found a viscous altar of Jiyva.
 28453 | Lair:5   | Entered Level 5 of the Lair of Beasts
 28683 | Lair:5   | Reached skill level 8 in Transmutations
 28821 | Lair:5   | Reached skill level 10 in Spellcasting
 29669 | Lair:5   | Reached skill level 7 in Unarmed Combat
 29678 | Lair:5   | Reached skill level 7 in Translocations
 29728 | Lair:5   | Noticed a dire elephant
 29752 | Lair:5   | Killed a dire elephant
 29894 | Lair:5   | Reached skill level 9 in Air Magic
 29974 | Lair:5   | Reached XP level 15. HP: 74/111 MP: 20/29
 30644 | Lair:5   | Reached skill level 11 in Dodging
 31205 | D:11     | Bought a Fen Folio for 546 gold pieces
 31205 | D:11     | Bought the Directory of Helpful Superposition for 520 gold
                  | pieces
 31211 | D:11     | Learned a level 5 spell: Summon Forest
 31888 | D:12     | Upgraded the game from 0.30-a0-737-gf23d94013f to
                  | 0.30-a0-778-g2ef04afb54
 31931 | D:13     | Noticed Nessos
 31934 | D:13     | Killed Nessos
 31940 | D:13     | Noticed Snorg
 31955 | D:13     | Killed Snorg
 31956 | D:13     | Reached skill level 9 in Transmutations
 32064 | D:13     | Found a gate leading to a gauntlet.
 32076 | Gauntlet | Entered a Gauntlet
 32076 | Gauntlet | Found a transporter.
 32164 | Gauntlet | Found a transporter.
 32183 | Gauntlet | Found a transporter.
 32188 | Gauntlet | Found a transporter.
 32194 | Gauntlet | Found a transporter.
 32209 | Gauntlet | Found a transporter.
 32228 | Gauntlet | Found a transporter.
 32240 | Gauntlet | Found a transporter.
 32245 | Gauntlet | Found a transporter.
 32264 | Gauntlet | Found a transporter.
 32270 | Gauntlet | Found a transporter.
 32289 | Gauntlet | Found a transporter.
 32294 | Gauntlet | Found a transporter.
 32296 | Gauntlet | Found a transporter.
 32313 | Gauntlet | Found a transporter.
 32319 | Gauntlet | Found a transporter.
 32362 | Gauntlet | Found a transporter.
 32581 | Gauntlet | Found a transporter.
 32607 | Gauntlet | Reached skill level 8 in Unarmed Combat
 32699 | Gauntlet | Reached skill level 8 in Translocations
 32708 | Gauntlet | Identified the ring of Dogma {Fire rElec Will- Int+3}
 32799 | Gauntlet | Identified the +6 longbow of the Inferno {speed, Str+8}
 32799 | Gauntlet | Identified the +1 chain mail of the Chupacabra {rC+ Regen+
                  | rCorr}
 32843 | Gauntlet | Identified the +6 spear "Killer Bee's Peril" {heavy, Int-3
                  | SInv Stlth+}
 33257 | D:13     | Found Wadar's Antique Weapon Emporium.
 33366 | D:13     | Found a gate to the Vaults.
 33633 | D:14     | Reached skill level 14 in Fighting
 33724 | D:14     | Reached skill level 10 in Air Magic
 33906 | D:14     | Found a hazy altar of Hepliaklqana.
 34232 | D:15     | Entered Level 15 of the Dungeon
 34302 | D:15     | Found a staircase to the Depths.
 34874 | D:15     | Found an ancient bone altar of Kikubaaqudgha.
 35229 | D:15     | Reached XP level 16. HP: 119/119 MP: 11/30
 35901 | Snake:1  | Entered Level 1 of the Snake Pit
 36076 | Snake:1  | Found a sacrificial altar of Ru.
 36115 | Snake:1  | Reached skill level 9 in Unarmed Combat
 36115 | Snake:1  | Reached skill level 9 in Translocations
 36162 | Snake:1  | Noticed a nagaraja
 36167 | Snake:1  | Killed a nagaraja
 36168 | Snake:1  | Reached skill level 10 in Transmutations
 36174 | Snake:1  | Reached skill level 12 in Dodging
 36368 | Snake:1  | Identified the +10 short sword of Iponos {drain, rCorr}
 37442 | Snake:2  | Noticed Agnes
 37451 | Snake:2  | Killed Agnes
 37451 | Snake:2  | Noticed Aizul
 37455 | Snake:2  | Killed Aizul
 38262 | Snake:2  | Reached skill level 11 in Air Magic
 38336 | Snake:2  | Found Boju's Armour Emporium.
 38662 | Snake:3  | Identified the +9 dagger of the Nexus {spect, Fly rF+ rN++
                  | Int-3}
 38938 | Snake:3  | Reached skill level 10 in Translocations
 38938 | Snake:3  | Reached XP level 17. HP: 126/126 MP: 11/31
 39044 | Snake:3  | Found Ydyschuts's Antique Weapon Shoppe.
 39048 | Snake:3  | Found Oludiown's Distillery.
 39061 | Snake:3  | Bought a potion of curing for 48 gold pieces
 39061 | Snake:3  | Bought a potion of heal wounds for 80 gold pieces
 39192 | Snake:3  | Reached skill level 10 in Unarmed Combat
 39365 | Snake:3  | Reached skill level 15 in Fighting
 39369 | Snake:3  | Reached skill level 11 in Transmutations
 39689 | Snake:3  | Noticed Kirke
 39700 | Snake:3  | Killed Kirke
 39986 | Snake:4  | Entered Level 4 of the Snake Pit
 40143 | Snake:4  | Reached skill level 13 in Dodging
 40804 | Snake:4  | Reached skill level 12 in Air Magic
 41056 | Snake:4  | Reached skill level 11 in Translocations
 41096 | Snake:4  | Noticed a quicksilver dragon
 41097 | Snake:4  | Noticed a quicksilver dragon
 41102 | Snake:4  | Reached skill level 11 in Unarmed Combat
 41102 | Snake:4  | Killed a quicksilver dragon
 41205 | Snake:4  | HP: 26/127 [quicksilver dragon (13)]
 41205 | Snake:4  | HP: 6/127 [quicksilver dragon (9)]
 41205 | Snake:4  | Killed a quicksilver dragon
 41471 | Snake:4  | Got a serpentine rune of Zot
 41687 | Snake:4  | Reached XP level 18. HP: 120/134 MP: 6/32
 41745 | Snake:4  | Reached skill level 12 in Transmutations
 42161 | Swamp:1  | Entered Level 1 of the Swamp
 43966 | Swamp:3  | Identified the +0 tower shield of Ignis's Felicitations
                  | {*Slow Dex+4 Slay+3}
 43966 | Swamp:3  | Noticed Louise
 43972 | Swamp:3  | Noticed Jorgrun
 43973 | Swamp:3  | Killed Louise
 43974 | Swamp:3  | Reached skill level 14 in Dodging
 43974 | Swamp:3  | Killed Jorgrun
 44323 | Swamp:3  | Found a runed translucent door.
 44652 | Swamp:3  | Identified Roxanne's Papyrus of the Mantle
 44652 | Swamp:3  | Noticed Roxanne
 44660 | Swamp:3  | Reached skill level 12 in Translocations
 44675 | Swamp:3  | Killed Roxanne
 45034 | Swamp:4  | Entered Level 4 of the Swamp
 45046 | Swamp:4  | Reached skill level 13 in Air Magic
 45098 | Swamp:4  | Reached skill level 12 in Unarmed Combat
 45644 | Swamp:4  | Noticed the 27-headed Lernaean hydra
 45660 | Swamp:4  | Killed the 27-headed Lernaean hydra
 45661 | Swamp:4  | Reached XP level 19. HP: 92/139 MP: 26/33
 45662 | Swamp:4  | Reached skill level 13 in Transmutations
 46355 | Swamp:4  | Got a decaying rune of Zot
 46630 | Elf:1    | Entered Level 1 of the Elven Halls
 46953 | Elf:1    | Found a frozen archway.
 46964 | IceCv    | Entered an ice cave
 47027 | IceCv    | Found a transporter.
 47052 | IceCv    | Found a transporter.
 47110 | Elf:1    | Learned a level 3 spell: Vhi's Electric Charge
 47459 | Elf:1    | Found Xugamn's Antique Armour Boutique.
 47526 | Elf:1    | Paralysed by a deep elf pyromancer for 5 turns
 47697 | Elf:1    | Reached skill level 13 in Translocations
 47870 | Elf:1    | Got the Guide on Assistive Blasts
 48139 | Elf:2    | Noticed Zenata
 48176 | Elf:2    | HP: 32/139 [+2 trident of freezing (10)]
 48181 | Elf:2    | HP: 16/139 [+2 trident of freezing (5)]
 48640 | Elf:2    | Reached skill level 15 in Dodging
 48652 | Elf:2    | Identified the +1 robe of the Noxious God {Fly rCorr}
 48768 | Elf:2    | Reached skill level 13 in Unarmed Combat
 48908 | Elf:2    | Found Dakledoy's Book Boutique.
 48914 | Elf:2    | Paralysed by an air elemental for 1 turns
 49443 | Elf:2    | Reached skill level 14 in Air Magic
 49594 | Elf:2    | Found a runed translucent gate.
 49594 | Elf:2    | Found a runed translucent gate.
 49595 | Elf:2    | Found a runed translucent gate.
 49799 | Elf:2    | Killed Zenata
 50191 | Elf:2    | HP: 33/139 [deep elf knight/+0 short sword (7)]
 50198 | Elf:2    | HP: 31/139 [deep elf knight/shard of ice (5)]
 50278 | Elf:2    | Reached XP level 20. HP: 67/145 MP: 16/34
 50291 | Elf:2    | Reached skill level 14 in Transmutations
 50855 | Elf:3    | Entered Level 3 of the Elven Halls
 51528 | Elf:3    | Found Wiplisopt's Elven Fire.
 51850 | Elf:3    | Identified the +6 rapier of Difuis {freeze, rElec rC- rN+}
 51850 | Elf:3    | Identified the +2 robe of Gatsoori {Harm}
 51850 | Elf:3    | Identified the amulet of Reorph {Regen+ Int+3}
 52616 | Elf:3    | Identified the +1 spear "Munkemiwush" {pain, Int+5}
 52632 | Elf:3    | HP: 31/145 [deep elf annihilator/bolt of lightning (12)]
 53089 | Elf:3    | Reached skill level 14 in Translocations
 53114 | Abyss:3  | Cast into level 3 of the Abyss (a deep elf sorcerer)
 53335 | Abyss:3  | Reached skill level 14 in Unarmed Combat
 53399 | Abyss:3  | Gained mutation: You expend magic power (3 MP) to
                  | strengthen your wands. [a neqoxec]
 53482 | Elf:3    | Escaped the Abyss
 53638 | Elf:3    | Identified the +0 falchion of Defiance {flame, rF+}
 53724 | Elf:3    | HP: 33/145 [deep elf master archer/arrow (32)]
 53724 | Elf:3    | HP: 13/145 [deep elf sorcerer/bolt of acid (20)]
 53724 | Elf:3    | Shot with an arrow by a deep elf master archer

Illustrated notes

Levels and vault maps discovered:
D:1:      dpeg_arrival_boxes_within_box, layout_basic
D:2:      layout_loops_ring, serial_shops, shop, nicolae_kite_square_tiling_tiny
D:3:      layout_rooms, okawaru_metal_pillars_3, ebering_ecumenical_altar_rust
D:4:      layout_basic, minmay_temple_entry_overgrown, ebering_ghost_sewer_d,
          minmay_manual_monstrance, uniq_blork_the_orc
D:5:      layout_basic, uniq_duvessa
D:6:      layout_gridville, mainiacjoe_overflow_tiny_flanked,
          grunt_temple_overflow_open, cheibrodos_ashenzari_chains, minivault_5,
          minmay_pentangle
D:7:      layout_cave_pools, minmay_fire_ice_demons
D:8:      layout_basic, trog_wizard, chequers_serial_rivers_marsh, uniq_psyche,
          uniq_joseph
D:9:      minmay_ornate_pinched, layout_basic, general_overflow_altar,
          roderic_serpentine_path, nicolae_shop_fire_sale
          [nicolae_sub_dead_trees], minmay_crystal_water, grunt_ministairs_1
D:10:     layout_cave_pools, dk_noncrumbling_3
D:11:     layout_cave_pools, lair_entry_dummy, erik_orc_2
D:12:     layout_rooms, minivault_10
D:13:     layout_big_octagon, ximxim_vaults_locker_room, gauntlet_entry_generic,
          serial_shops, shop, kennysheep_doodads, uniq_snorg, uniq_nessos
D:14:     layout_basic, minmay_misc_feat_secret_circle,
          nicolae_hepliaklqana_hazy_memory
D:15:     grunt_enter_depths_giant_problem, layout_long_grid,
          kiku_gazebo_garden_becter
Temple:   oiseaux_autumnal_temple
Lair:1:   layout_regular_city
Lair:2:   layout_roguey, minmay_swamp_entry_worms, special_room
          [special_room_bee], grunt_megastairs_3, uniq_gastronok, uniq_urug
Lair:3:   layout_gridlike, dummy_snake_entry
Lair:4:   layout_regular_city, slime_entry_1, minmay_lair_oklob_items
Lair:5:   hangedman_lair_in_review, layout_misc_corridors,
          guppyfry_lair_end_dragon, grunt_forest_large_clearing_hut,
          lemuel_fruit_fields
Swamp:1:  layout_basic_swamp, hangedman_swamp_cone, swamp_pool1
Swamp:2:  layout_falls_marsh, evilmike_swamp_ruin_house_5, swamp_pool3,
          nicolae_swamp_feature_on_the_river_bank
Swamp:3:  gammafunk_mikee_crab_dinner, layout_basic_swamp,
          nicolae_swamp_treefoil, swamp_pool2, infiniplex_staircase_pool_2,
          uniq_roxanne, uniq_louise, uniq_jorgrun
Swamp:4:  swamp_old_school, layout_basic_swamp
Snake:1:  layout_onion, basic_altar, nicolae_snake_snakewalk
Snake:2:  layout_misc_corridors, serial_shops, nicolae_shop_crystal,
          grunt_ministairs_8, nicolae_snake_serpentine_hallways, uniq_aizul,
          uniq_agnes
Snake:3:  layout_onion, minmay_shoptagon, nicolae_triple_integral, uniq_kirke
Snake:4:  hellmonk_snake_rune_quicksilver_temple, layout_onion,
          nicolae_snake_salamander_zone
Orc:1:    layout_caves, hellmonk_ghost_happy_afterlife, nicolae_shop_vocational
Orc:2:    st_orc_mages, layout_caves
Elf:1:    layout_gridlike, portal_ice_cave_entry_ugly_swarm, serial_shops,
          nicolae_diamond_shop, minmay_elf_sorcery, nicolae_elf_blasts_and_bolts
Elf:2:    nicolae_elf_blades_splatter_lattice
          [nicolae_blade_entry_crossed_weapons], layout_onion_city,
          serial_shops, shop, nicolae_elf_stair_hall, uniq_zenata
Elf:3:    minmay_elf_hall_x, layout_geoelf_diagonals, guppyfry_elf_lava

Skill      XL: |  1  2  3  4  5  6  7  8  9 10 11 12 13 14 15 16 17 18 19 20 |
---------------+-------------------------------------------------------------+-----
Spellcasting   | 3 4 5 6 7 8 9 10 | 10.0
Summonings     | 5 6 7 8 9 10 | 10.0
Fighting       | 1 2 3 5 7 9 10 12 13 14 15 | 15.0
Hexes          | 1 2 3 4 5 |  5.0
Dodging        | 3 5 6 7 8 9 10 11 12 13 14 15 | 15.9
Air Magic      | 1 4 5 6 7 9 10 11 12 13 14 | 14.9
Transmutations | 2 4 5 7 8 9 10 11 12 13 14 | 14.7
Unarmed Combat | 2 4 5 7 8 9 11 12 13 14 | 14.1
Translocations | 2 4 5 7 8 10 11 12 13 14 | 14.1
Stealth        | |  2.6

Action                     |  1- 3 |  4- 6 |  7- 9 | 10-12 | 13-15 | 16-18 | 19-21 || total
---------------------------+-------+-------+-------+-------+-------+-------+-------++-------
  Melee: Dagger            |     5 |     2 |       |       |       |       |       ||     7
         Constrict         |     1 |     2 |     4 |    11 |    18 |     2 |       ||    38
         Tentacles         |     1 |     3 |     1 |    14 |    13 |       |     1 ||    33
         Short sword       |       |     6 |     7 |    44 |    60 |    10 |    23 ||   150
         Punch             |       |       |       |     1 |     9 |    31 |    10 ||    51
         Unarmed           |       |       |       |       |   217 |   655 |   495 ||  1367
   Cast: Summon Small Mamm |    40 |    38 |    30 |    93 |   103 |       |     2 ||   306
         Call Imp          |    12 |    18 |    17 |    50 |    52 |       |     1 ||   150
         Call Canine Famil |     2 |    25 |    27 |    66 |    53 |       |     1 ||   174
         Summon Guardian G |       |     1 |    13 |    53 |    65 |       |     1 ||   133
         Summon Lightning  |       |       |     6 |    85 |   126 |    90 |    59 ||   366
         Summon Mana Viper |       |       |       |       |    75 |    66 |    23 ||   164
         Manifold Assault  |       |       |       |       |   106 |   301 |   275 ||   682
         Storm Form        |       |       |       |       |    24 |    80 |    57 ||   161
         Summon Forest     |       |       |       |       |     1 |     6 |     4 ||    11
         Vhi's Electric Ch |       |       |       |       |       |       |     1 ||     1
 Invoke: Call Merchant     |       |       |       |       |     3 |       |       ||     3
Ability: Blinkbolt         |       |       |       |       |       |       |     7 ||     7
  Evoke: Wand              |       |       |       |    20 |       |       |       ||    20
         Condenser vane    |       |       |       |     1 |       |       |       ||     1
    Use: Scroll            |       |     4 |    14 |    11 |     7 |     1 |     3 ||    40
         Potion            |       |       |     2 |       |     6 |     2 |       ||    10
   Stab: Distracted        |       |       |       |     1 |     5 |     8 |     1 ||    15
         Sleeping          |       |       |       |     1 |       |       |       ||     1
         Betrayed ally     |       |       |       |     1 |       |       |       ||     1
 Armour: Skin              |     2 |     3 |     3 |     5 |    37 |    82 |    45 ||   177
  Dodge: Dodged            |    16 |    23 |    23 |   141 |   242 |   312 |   178 ||   935

Table legend: (Time is in decaauts)
 A = Elapsed time spent in this place.
 B = Non-inter-level travel time spent in this place.
 C = Inter-level travel time spent in this place.
 D = Time resting spent in this place.
 E = Time spent auto-exploring this place.
 F = Levels seen in this place.
 G = Mean time per level.
                   A        B        C        D        E       F      G
               +--------+--------+--------+--------+--------+-----+--------+
         Total |  53529 |  51272 |   2257 |   8063 |  34211 |  37 | 1446.7 |
       Dungeon |  20045 |  19278 |    767 |   1097 |  14776 |  15 | 1336.3 |
        Temple |    224 |    207 |     17 |      0 |    192 |   1 |  224.0 |
          Lair |   8673 |   8181 |    492 |   1810 |   5112 |   5 | 1734.6 |
         Swamp |   4265 |   4146 |    119 |     64 |   3442 |   4 | 1066.2 |
     Snake Pit |   6183 |   5986 |    197 |    192 |   4664 |   4 | 1545.8 |
  Orcish Mines |   6369 |   5915 |    454 |   3425 |   1585 |   2 | 3184.5 |
   Elven Halls |   6544 |   6335 |    209 |   1398 |   3844 |   3 | 2181.3 |
         Abyss |    353 |    353 |      0 |      0 |    224 |   1 |  353.0 |
      Ice Cave |    101 |    101 |      0 |      0 |     63 |   1 |  101.0 |
      Gauntlet |    767 |    767 |      0 |     77 |    309 |   1 |  767.0 |
               +--------+--------+--------+--------+--------+-----+--------+

Top non-repeatable levels by time:
   Orc:1: 5013 daAuts
  Lair:5: 2601 daAuts
   Elf:3: 2468 daAuts
   Elf:2: 2406 daAuts
  Lair:2: 2279 daAuts
     D:6: 2018 daAuts
    D:11: 1965 daAuts
     D:4: 1913 daAuts
 Snake:4: 1905 daAuts
     D:9: 1763 daAuts
   Elf:1: 1669 daAuts
     D:8: 1665 daAuts
  Lair:1: 1624 daAuts
 Snake:3: 1575 daAuts
 Snake:1: 1517 daAuts

Table legend:
 A = Kills in this place as a percentage of kills in entire the game.
 B = Kills by you in this place as a percentage of kills by you in the entire game.
 C = Kills by friends in this place as a percentage of kills by friends in the entire game.
 D = Other kills in this place as a percentage of other kills in the entire game.
 E = Experience gained in this place as a percentage of experience gained in the entire game.
 F = Experience gained in this place divided by the number of levels of this place that you have seen.
                   A       B       C       D       E      F
               +-------+-------+-------+-------+-------+----------------------
         Total | 100.0 | 100.0 | 100.0 | 100.0 | 100.0 | 12746.9
       Dungeon |  32.4 |  17.9 |  43.1 |  42.9 |  13.3 | 4196.1
          Lair |  14.1 |   2.6 |  21.9 |  33.3 |  11.2 | 10525.4
         Swamp |   9.4 |  17.1 |   4.1 |   0.0 |  16.1 | 18936.8
     Snake Pit |  17.3 |  24.8 |  12.5 |   0.0 |  24.6 | 28963.5
  Orcish Mines |   9.5 |   2.2 |  14.4 |  21.4 |   3.5 | 8220.0
   Elven Halls |  13.3 |  26.6 |   3.6 |   2.4 |  27.3 | 42924.0
         Abyss |   2.5 |   5.8 |   0.0 |   0.0 |   2.8 | 13261.0
      Ice Cave |   0.7 |   1.3 |   0.3 |   0.0 |   0.5 | 2545.0
      Gauntlet |   0.8 |   1.8 |   0.1 |   0.0 |   0.7 | 3447.0
               +-------+-------+-------+-------+-------+----------------------
